 Dungeon Crawl Stone Soup version 0.29-a0-322-g68df515428 (webtiles) character file.

Game seed: 2627856064663542543

54 GigaChad the Skirmisher (level 3, 0/33 HPs)
             Began as a Draconian Chaos Knight on Apr 7, 2022.
             Was a Plaything of Xom.
             Slain by a black bear (2 damage)
             ... on level 3 of the Dungeon.
             The game lasted 00:05:33 (1872 turns).

GigaChad the Skirmisher (Draconian Chaos Knight)    Turns: 1872, Time: 00:05:34

Health: 0/33       AC:  5    Str: 14    XL:     3   Next: 66%
Magic:  3/3        EV: 12    Int: 12    God:    Xom [.....*]
Gold:   40         SH:  0    Dex: 12    Spells: 2/2 levels left

rFire   . . .      SeeInvis .   a - +0 falchion (chaos)
rCold   . . .      Faith    .   (no shield)
rNeg    . . .      Spirit   .   (body armour unavailable)
rPois   .          Reflect  .   (helmet restricted)
rElec   .          Harm     .   (no cloak)
rCorr   .          Rampage  .   (no gloves)
Will    .....                   (no boots)
Stlth   +.........              (no amulet)
HPRegen 0.11/turn               (no ring)
MPRegen 0.08/turn               (no ring)

@: no status effects
A: AC +5, unfitting armour, cold-blooded
a: Renounce Religion


You were on level 3 of the Dungeon.
You worshipped Xom.
You were Xom's teddy bear.
You visited 1 branch of the dungeon, and saw 3 of its levels.

You collected 40 gold pieces.

Inventory:

Hand Weapons
 a - a +0 falchion of chaos (weapon)
 f - a +0 dagger
Scrolls
 c - 2 scrolls of identify {unknown}
 d - a scroll of teleportation {unknown}
 j - a scroll of fog {unknown}
Potions
 g - a potion of lignification {unknown}
 h - a potion of might {unknown}
 i - a potion of mutation {unknown}
 k - a potion of brilliance {unknown}
Miscellaneous
 b - a piece from Xom's chessboard (15/15) (quivered)
 e - a condenser vane


   Skills:
 + Level 3.9 Fighting
 + Level 3.7 Long Blades
 + Level 2.8 Dodging
 + Level 0.1 Stealth


You had 2 spell levels left.
You didn't know any spells.
Your spell library contained the following spells:

 Spells                   Type           Power      Damage    Failure   Level
 Scorch                   Fire           0%         2d5       45%         2
 Flame Wave               Conj/Fire      0%         2d4       97%         4
 Summon Cactus Giant      Summ           0%         N/A       100%        6


Dungeon Overview and Level Annotations

Branches:
Dungeon (3/15)

Altars:


Innate Abilities, Weirdness & Mutations

Your plain brown scales are hard. (AC +5)
You cannot fit into any form of body armour.
You are cold-blooded and may be slowed by cold attacks.


Message History

The rat is heavily wounded.
The rat barely misses you.
You slash the rat!
You kill the rat!
An endoplasm and a black bear come into view.
The black bear growls angrily.
The endoplasm quivers.
You barely miss the black bear.
The black bear bites you but does no damage.
The black bear claws you. The black bear barely misses you.
You hit the black bear. You freeze the black bear.
The black bear is lightly wounded.
The black bear bites you but does no damage.
The black bear barely misses you. The black bear closely misses you.
You hit the black bear but do no damage.
The black bear suddenly seems more agile.
The black bear is lightly wounded.
The black bear completely misses you. The black bear barely misses you.
The black bear claws you but does no damage.
You hit the black bear.
The black bear flickers and vanishes!
Deactivating autopickup; reactivate with Ctrl-A.
Something bites you but does no damage.
Something claws you but does no damage. x2
You hit something but do no damage. Something bites you. Something claws you.
Something claws you but does no damage.
You slash something! Something bites you but does no damage.
Something claws you. x2
You closely miss something. Something bites you but does no damage.
Something claws you. Something claws you but does no damage.
You barely miss something. Something bites you. Something claws you.
* * * LOW HITPOINT WARNING * * *
Something claws you but does no damage.
You completely miss something. Something bites you but does no damage.
Something claws you but does no damage. Something claws you.
* * * LOW HITPOINT WARNING * * *
Something bites you.
* * * LOW HITPOINT WARNING * * *
Something claws you.
* * * LOW HITPOINT WARNING * * *
Something claws you.
You die...

.##. #### ## ###
........#.. ...
.##.##..#.# #.#
#........# #.#
.#..##..#.## #.#
.#......... #J#
........#+####+#{#
##..............@#
.......#.........#
.......#.........#
....................
.....................
###.####.........#.#.#
#.# ##+####.#...# #
#.# #.##..# ).#


You could see an endoplasm.

Vanquished Creatures
  An adder (D:2)
  5 bats
  2 endoplasms (D:1)
  2 giant cockroaches (D:1)
  7 goblins
  7 hobgoblins
  4 jackals (D:1)
  2 kobolds (D:2)
  3 quokkas
  2 ball pythons (D:2)
  3 frilled lizards
  3 rats
41 creatures vanquished.

Notes
Turn   | Place    | Note
-------+----------+-------------------------------------------
     0 | D:1      | GigaChad the Draconian Chaos Knight began the quest for the
                  | Orb.
     0 | D:1      | Reached XP level 1. HP: 19/19 MP: 1/1
    70 | D:1      | XOM: silly message
    71 | D:1      | Reached XP level 2. HP: 6/26 MP: 2/2
   403 | D:1      | XOM: god gift: condenser vane
   572 | D:1      | XOM: scenery: summon butterflies
   933 | D:2      | XOM: noise
   942 | D:2      | Reached XP level 3. HP: 29/33 MP: 3/3
  1210 | D:2      | XOM: confuse monster(s)
  1862 | D:3      | Noticed a black bear
  1872 | D:3      | Slain by a black bear

Illustrated notes

Levels and vault maps discovered:
D:1:      minmay_arrival_shoal_huts, layout_rooms
D:2:      layout_basic
D:3:      wad_pebble_path, layout_basic, portal_sewer_entry_f,
          shapermc_ecumenical_altar_ellora

Action                   || total
-------------------------++-------
Melee: Falchion          ||   125
       Tailslap          ||    15
Armor: Skin              ||    71
Dodge: Dodged            ||   112

Table legend: (Time is in decaauts)
 A = Elapsed time spent in this place.
 B = Non-inter-level travel time spent in this place.
 C = Inter-level travel time spent in this place.
 D = Time resting spent in this place.
 E = Time spent auto-exploring this place.
 F = Levels seen in this place.
 G = Mean time per level.
                   A        B        C        D        E       F      G
               +--------+--------+--------+--------+--------+-----+--------+
         Total |   1896 |   1896 |      0 |    404 |    389 |   3 |  632.0 |
       Dungeon |   1896 |   1896 |      0 |    404 |    389 |   3 |  632.0 |
               +--------+--------+--------+--------+--------+-----+--------+

Top non-repeatable levels by time:
     D:1: 950 daAuts
     D:2: 827 daAuts
     D:3: 117 daAuts
